 Dungeon Crawl Stone Soup version 0.22-a0-283-g1871b15 (webtiles) character file.

69 b5mith the Skirmisher (level 4, -2/41 HPs)
             Began as a Minotaur Berserker on Mar 18, 2018.
             Was a Believer of Trog.
             Slain by Sigmund
             ... wielding a +4 scythe of freezing
              (4 damage)
             ... on level 2 of the Dungeon.
             The game lasted 00:02:41 (1411 turns).

b5mith the Skirmisher (Minotaur Berserker)          Turns: 1411, Time: 00:02:41

Health: -2/41      AC:  9    Str: 22    XL:     4   Next: 2%
Magic:  3/3        EV: 11    Int:  4    God:    Trog [**....]
Gold:   43         SH:  3    Dex: 10    Spells: 3/3 levels left

rFire    . . .     SeeInvis .   a - +0 falchion
rCold    . . .     Gourm    .   n - +0 buckler (curse)
rNeg     . . .     Faith    .   m - +0 ring mail
rPois    +         Spirit   .   (helmet restricted)
rElec    .         Reflect  .   (no cloak)
rCorr    .         Harm     .   (no gloves)
MR       .....                  l - +0 pair of boots
Stlth    ..........             (no amulet)
HPRegen  0.13/turn              o - ring of poison resistance
MPRegen  0.08/turn              r - +3 ring of protection

@: berserk cooldown, slowed, very slow
A: retaliatory headbutt, horns 2
a: Berserk, Trog's Hand, Renounce Religion


You were on level 2 of the Dungeon.
You worshipped Trog.
Trog was pleased with you.
You were not hungry.

You visited 1 branch of the dungeon, and saw 2 of its levels.

You collected 43 gold pieces.

Inventory:

Hand Weapons
 a - a +0 falchion (weapon)
Armour
 b - a +0 animal skin
 l - a +0 pair of boots (worn)
 m - a +0 ring mail (worn)
 n - a cursed +0 buckler (worn)
Jewellery
 o - a ring of poison resistance (left hand)
 r - a +3 ring of protection (right hand)
Scrolls
 f - 3 scrolls of teleportation {unknown}
 g - a scroll of remove curse {unknown}
 h - 7 scrolls of identify {unknown}
 i - a scroll of noise {unknown}
 p - a scroll of blinking {unknown}
Potions
 d - a potion of lignification {unknown}
 e - 2 potions of berserk rage {unknown}
 k - a potion of invisibility {unknown}
 q - a potion of curing {unknown}
Comestibles
 c - 5 rations
 j - a chunk of flesh


   Skills:
 + Level 4.3 Fighting
 + Level 4.3 Long Blades
 + Level 3.3 Armour
 + Level 3.0 Dodging


You had 3 spell levels left.
You didn't know any spells.

Dungeon Overview and Level Annotations

Branches:
Dungeon (2/15)

Altars:

Annotations:
D:2 Sigmund


Innate Abilities, Weirdness & Mutations

You reflexively headbutt those who attack you in melee.
You have a pair of horns on your head.


Message History

A magic dart appears from out of thin air!
The magic dart hits you!
You closely miss something. Something hits you. Something freezes you.
You completely miss something. Your headbutt misses something.
Something completely misses you. Something hits you!
* * * LOW HITPOINT WARNING * * *
Something freezes you.
* * * LOW HITPOINT WARNING * * *
Your shield and ring mail prevent you from hitting something.
You feel less confused. Something hits you.
* * * LOW HITPOINT WARNING * * *
Something freezes you.
* * * LOW HITPOINT WARNING * * *
You miss something. Something hits you.
* * * LOW HITPOINT WARNING * * *
Something freezes you.
* * * LOW HITPOINT WARNING * * *
You barely miss something. Something hits you.
You die...

.@..K.. ....... ########
....... ##......## .......
##........## ......%
#..........# ####K....#
#..........# ####....###.#
#..........####....##).....##
#...........@{K..............
#....).....########..........
##..........## ..........
##.......(...######..........
#.................#..........
#..........##................
#..............#..##........#
#..............##............
#..............###...........


You could see a kobold.

Vanquished Creatures
  Terence (D:2)
  2 worms (D:2)
  A dart slug (D:2)
  2 giant cockroaches (D:2)
  5 hobgoblins
  3 jackals (D:2)
  2 kobolds (D:2)
  A quokka (D:2)
  4 bats
  6 frilled lizards (D:2)
  4 goblins (D:2)
  6 rats
37 creatures vanquished.

Notes
Turn   | Place    | Note
-------+----------+-------------------------------------------
     0 | D:1      | b5mith the Minotaur Berserker began the quest for the Orb.
     0 | D:1      | Reached XP level 1. HP: 19/19 MP: 0/0
   679 | D:2      | Reached XP level 2. HP: 27/27 MP: 1/1
   908 | D:2      | Noticed Terence
   917 | D:2      | Killed Terence
   917 | D:2      | Reached XP level 3. HP: 28/33 MP: 2/2
   967 | D:2      | Reached ** piety under Trog
  1298 | D:2      | Reached XP level 4. HP: 17/40 MP: 3/3
  1377 | D:2      | Noticed Sigmund
  1410 | D:2      | HP: 2/41 [something (1)]
  1411 | D:2      | Slain by Sigmund

Vault maps used:
D:1:      grunt_arrival_crossed_arrows
D:2:      minmay_crystal_room, minmay_lizard_pond, uniq_terence, uniq_sigmund

Skill      XL: |  1  2  3 |
---------------+----------+-----
Fighting       | 4 |  4.3
Long Blades    | 4 |  4.3
Armour         | 3 |  3.3
Dodging        | 3 |  3.0

Action                   |  1- 3 |  4- 6 || total
-------------------------+-------+-------++-------
Melee: Falchion          |    77 |    13 ||    90
       Headbutt          |    18 |     1 ||    19
Invok: Berserk           |       |     1 ||     1
  Eat: Chunk             |     1 |     1 ||     2
Armor: Ring mail         |    24 |     9 ||    33
Dodge: Dodged            |    41 |     6 ||    47
Block: Buckler           |     5 |     1 ||     6
       Rpst.: Falchion   |     7 |     1 ||     8

Table legend:
 A = Spawn XP
 B = Non-spawn XP
 C = Spawn XP percentage of total XP
 D = Spawn monster count
 E = Non-spawn monster count
 F = Spawn count percentage of total count
 G = Total turns spent on level
                    A         B        C        D         E        F      G
               +---------+---------+-------+---------+---------+-------+---------
         Total |       0 |      99 |   0.0 |       0 |      37 |   0.0 |  1411
               +---------+---------+-------+---------+---------+-------+---------
           D:1 |       0 |       9 |   0.0 |       0 |       7 |   0.0 |   673
           D:2 |       0 |      90 |   0.0 |       0 |      30 |   0.0 |   738
               +---------+---------+-------+---------+---------+-------+---------
